 Dungeon Crawl Stone Soup version 0.31.0-9-g3a7656b989 (webtiles) character file.

Game seed: 13291751523280711994

1614546 GriffinBr the Conqueror (level 26, 177/239 HPs)
             Began as a Minotaur Berserker on Feb 1, 2024.
             Was the Champion of Trog.
             Escaped with the Orb
             ... and 3 runes on Feb 2, 2024!
             The game lasted 09:12:08 (76488 turns).

GriffinBr the Conqueror (Minotaur Berserker)       Turns: 76488, Time: 09:12:09

Health: 177/239    AC: 33    Str: 28    XL:     26   Next: 98%
Magic:  19/22      EV: 12    Int:  8    God:    Trog [******]
Gold:   4590       SH: 38    Dex: 14    Spells: 25/25 levels left

rFire   + . .        L - +8 mithril axe "Arga" {speed, Will+}
rCold   + . .        l - +18 shield of the Gong {Loud rN+ Will+ rCorr EV-5}
rNeg    + . .        h - +6 plate armour of Holog {rElec rF+ SInv}
rPois   +            y - +2 hat {Stlth+}
rElec   +            f - +2 cloak of the Thief {*Fog Slay-2 SInv Stlth+}
rCorr   +            N - +2 pair of gloves {infuse}
SInv    +            w - +2 pair of boots {Stlth+}
Will    ++++.        X - amulet of Qexah {Reflect rC+ SH+5 Stlth+}
Stlth   ++           P - ring of willpower
HPRegen 0.59/turn    S - ring of poison resistance
MPRegen 0.18/turn

%: reflection, infuse magic (1 MP)
@: no status effects
A: horns 2, retaliatory headbutt, clever 1, deformed body, frail 1, inhibited
regeneration, evolution 1, inability to read after injury 1, sturdy frame 1
0: Orb of Zot
}: 3/15 runes: decaying, silver, gossamer
a: Renounce Religion, Berserk, Trog's Hand, Brothers in Arms


You escaped.
You worshipped Trog.
Trog was exalted by your worship.
You visited 9 branches of the dungeon, and saw 47 of its levels.
You visited the Abyss 1 time.
You visited 1 ziggurat, and saw 5 of its levels.
You also visited: Sewer, Gauntlet and Wizlab.

You collected 7692 gold pieces.
You spent 3102 gold pieces at shops.

Inventory:

Hand Weapons
 L - the +8 mithril axe "Arga" (weapon) {speed, Will+}
   (You found it on level 3 of the Elven Halls)

   Will+:     It increases your willpower.
Missiles
 e - 60 poisoned darts (quivered)
 t - 50 boomerangs
 F - 2 curare-tipped darts
 I - 34 atropa-tipped darts
 J - 6 silver javelins
Armour
 f - the +2 cloak of the Thief (worn) {*Fog Slay-2 SInv Stlth+}
   (You bought it in a shop on level 3 of the Dungeon)

   *Fog:      It may release a thick cloud of smoke when the wearer is hurt.
   Slay-2:    It affects your accuracy & damage with ranged weapons and melee
   (-2).
   SInv:      It lets you see invisible.
   Stlth+:    It makes you more stealthy.
 h - the +6 plate armour of Holog (worn) {rElec rF+ SInv}
   (You bought it in a shop on level 2 of the Elven Halls)

   rF+:       It protects you from fire.
   rElec:     It insulates you from electricity.
   SInv:      It lets you see invisible.
 l - the +18 shield of the Gong (worn) {Loud rN+ Will+ rCorr EV-5}
   (You found it on level 2 of the Dungeon)

   Loud:      It is deafeningly noisy when blocking attacks.
   EV-5:      It affects your evasion (-5).
   rN+:       It protects you from negative energy.
   Will+:     It increases your willpower.
   rCorr:     It protects you from acid and corrosion.
 w - a +2 pair of boots of stealth (worn)
 y - a +2 hat of stealth (worn)
 N - a +2 pair of gloves of infusion (worn)
Jewellery
 s - the ring "Raff" {Fire *Corrode MP+9 Str+6 SInv}
   (You found it in a wizard's laboratory)

   [ring of fire]

   Fire:      It enhances your fire magic.
   Str+6:     It affects your strength (+6).
   rF+:       It protects you from fire.
   rC-:       It makes you vulnerable to cold.
   MP+9:      It affects your magic capacity (+9).
   SInv:      It lets you see invisible.
   *Corrode:  It may corrode you when you take damage.
 P - a ring of willpower (left hand)
 S - a ring of poison resistance (right hand)
 T - the ring of Ummups {+Blink Fly rC+ Int+6 Dex-5}
   (You took it off a deep elf annihilator on level 3 of the Elven Halls)

   [ring of flight]

   Int+6:     It affects your intelligence (+6).
   Dex-5:     It affects your dexterity (-5).
   rC+:       It protects you from cold.
   Fly:       It grants you flight.
   +Blink:    It lets you blink.
 U - the dreamshard necklace {Acrobat *Dream}
   (You took it off a deep elf annihilator on level 3 of the Elven Halls)

   [amulet of the acrobat]

   *Dream:    It absorbs a single lethal wound into itself, holding its wearer
   just short of death and releasing dream-creatures to guard them.
   Acrobat:   It increases your evasion while moving and waiting.
 X - the amulet of Qexah (around neck) {Reflect rC+ SH+5 Stlth+}
   (You found it on level 3 of the Elven Halls)

   [amulet of reflection]

   Reflect:   It reflects blocked missile attacks.
   rC+:       It protects you from cold.
   SH+5:      It affects your SH (+5).
   Stlth+:    It makes you more stealthy.
Wands
 p - a wand of flame (198)
 q - a wand of roots (68)
 B - a wand of mindburst (87)
 M - a wand of digging (6)
Scrolls
 b - 3 scrolls of butterflies
 j - 5 scrolls of blinking
 o - 11 scrolls of teleportation
 v - 2 scrolls of enchant armour
 x - a scroll of brand weapon
 A - 8 scrolls of revelation
 C - 9 scrolls of poison
 D - 4 scrolls of silence
 O - 7 scrolls of enchant weapon
 Q - 7 scrolls of fog
 R - 4 scrolls of fear
Potions
 a - 7 potions of might
 c - 12 potions of curing
 d - 3 potions of cancellation
 i - 12 potions of haste
 k - 7 potions of ambrosia
 m - 6 potions of resistance
 n - 9 potions of enlightenment
 u - a potion of berserk rage
 H - 7 potions of invisibility
 K - 3 potions of heal wounds
Miscellaneous
 g - a lightning rod (4/4)
 E - a phial of floods
 G - a condenser vane
 Y - a phantom mirror
 Z - a sack of spiders


   Skills:
 O Level 27 Fighting
 * Level 21.9 Axes
 - Level 20.0 Throwing
 - Level 20.0 Armour
 - Level 20.0 Dodging
 - Level 13.0 Stealth
 - Level 20.0 Shields
 - Level 0.1 Unarmed Combat
 + Level 20.0 Evocations


You had 25 spell levels left.
You didn't know any spells.
Your spell library was empty.

Dungeon Overview and Level Annotations

Branches:
Dungeon (15/15)            Temple (0/1) D:4            Lair (5/5) D:8
  Swamp (4/4) Lair:3       Spider (4/4) Lair:2        Slime (0/5) Lair:4
    Orc (2/2) D:10            Elf (3/3) Orc:2        Vaults (5/5) D:14
  Crypt (0/3) Vaults:3     Depths (4/4) D:15            Zot (5/5) Depths:4
  Sewer (visited)          WizLab (visited)         Gauntlet (visited)

Altars:
Cheibriados
Dithmenos
Gozag
Hepliaklqana
Makhleb
Okawaru
Ru
Trog
Uskayaw
Vehumet
Xom
Yredelemnul
Zin

Shops:
D:3 [   D:7 !   D:11 ?   Orc:2 :?::[   Elf:2 [   Elf:3 *   Vaults:2 (
Vaults:3 (   Depths:3 ([

Portals:
Hell: Depths:1 Depths:2 Depths:3 Depths:4
Abyss: Depths:1 Depths:3 Depths:4
Pandemonium: Depths:1 Depths:2


Innate Abilities, Weirdness & Mutations

You have a pair of horns on your head.
You reflexively headbutt those who attack you in melee.
Your mind is acute. (Int +4, Str/Dex -1)
Armour fits poorly on your strangely shaped body.
You are frail. (-10% HP)
You do not regenerate when monsters are visible.
You have hidden genetic potential.
You occasionally lose the ability to read scrolls when taking damage.
Your movements are slightly less encumbered by armour. (ER -2)


Message History

You are engulfed in excruciating misery.
You block Boris's attack.
GONNNNG!
Boris touches you but does no damage.
You closely miss Boris. You headbutt Boris, but do no damage.
Boris is severely damaged.
You are engulfed in excruciating misery.
You hit Boris but do no damage. You headbutt Boris!
Boris is almost destroyed.
You are engulfed in excruciating misery.
You block Boris's attack.
BOUMMMMG!
Boris touches you but does no damage.
You slice Boris!! You headbutt Boris.
Boris is almost destroyed.
You are engulfed in excruciating misery.
You block Boris's attack.
BONNNG!
You block Boris's attack.
GONNNNG!
You barely miss Boris.
Boris is almost destroyed.
You are engulfed in excruciating misery.
You slice Boris!!
You destroy Boris!
Trog accepts your kill.
Trog appreciates your killing of a magic user.
You are engulfed in excruciating misery.
Your condenser vane has recharged.
Your skin crawls.
You feel strong-willed.
You are engulfed in excruciating misery.
You see here a +2 robe.
There is an open door here.
There is an open door here.
There is a large open door here.
You feel the effects of Trog's Hand fading.
There is a staircase leading out of the dungeon here.
Your skin stops crawling.
You feel less strong-willed.
You have escaped!

#.#.....# ###''### #.....
#......### ###≈≈..≈≈###
######
.......#.###≈§≈§..≈≈≈§##
.§.§§§.#.##≈≈§#≈.§§#§≈≈#
...§§....##≈≈§§≈..§§≈≈≈##
..§§§§####§≈≈≈§§..≈≈≈≈§≈#
.§§§§§# #§§≈§≈#..#≈§≈≈≈#
#.§§#§# #≈≈#≈≈#§.#≈§#≈≈#
#####.# #≈≈≈≈≈#@>#≈≈≈≈≈#
#####.# #≈≈≈≈§#### §≈≈≈#
####### ...##.# #≈§≈≈
§§≈# #...... ...##.# ##≈≈
# #...... ...##.##
#...... #.##...###
#...... #........#
#.....) ####...### ###
#...... # ##.## #.######
#......


There were no monsters in sight!

Vanquished Creatures
  6 dread liches
  2 ancient liches
  3 orbs of fire
  Mennas (Vaults:2)
  Xtahua (Vaults:4)
  Sojobo (Vaults:4)
  Josephina (Zot:1)
  5 Killer Klowns (Zot:5)
  Boris (twice) (Vaults:2 D:1)
  the Lernaean hydra (Swamp:4)
  Margery (D:15)
  A caustic shrike (Depths:4)
  Saint Roka (Vaults:1)
  2 curse toes
  The ghost of Imio the Warrior, an adept DgCj (Depths:1)
  Norris (Vaults:1)
  Nikola (Vaults:1)
  6 golden dragons
  A Tzitzimitl (Depths:3)
  Arachne (Spider:4)
  2 bone dragons (Depths:4)
  5 electric golems
  A hellephant (Depths:1)
  18 tentacled monstrosities
  3 liches
  26 Orb Guardians
  An Ice Fiend (D:4)
  A Hell Sentinel (D:15)
  4 quicksilver dragons
  Asterion (Vaults:2)
  3 deep elf master archers (Elf:3)
  An ancient champion (Zig:3)
  A titan (Vaults:4)
  2 tentacled starspawn (Abyss:2)
  9 death cobs
  3 sphinxes
  Aizul (Swamp:4)
  Kirke (D:14)
  9 tengu reavers
  2 thorn hunters
  Donald (Swamp:4)
  14 storm dragons
  13 shadow dragons
  2 fenstrider witches
  10 fire giants
  A nagaraja (Vaults:4)
  10 frost giants
  2 draconian knights
  5 draconian monks
  9 deep elf sorcerers
  5 protean progenitors
  8 draconian shifters
  2 draconian scorchers
  2 balrugs
  24 vault wardens
  An emperor scorpion (Spider:2)
  An iron dragon (Vaults:5)
  A draconian stormcaller (Zot:2)
  5 deep elf elementalists (Elf:3)
  10 ghost moths
  Louise (Swamp:2)
  A ghoul (Swamp:2)
  6 draconian annihilators
  5 orc warlords
  A demonspawn corrupter (D:13)
  13 stone giants
  17 very ugly things
  11 ironbound thunderhulks
  A quicksilver ooze (Gauntlet)
  12 green draconians
  A formless jellyfish (Vaults:2)
  A spriggan defender (Depths:4)
  30 ironbound preservers
  2 broodmothers
  9 deep elf death magi
  7 deep elf demonologists
  10 dire elephants
  4 eleionomae
  13 vampire knights
  A lorocyproca (D:2)
  10 black draconians
  11 red draconians
  8 white draconians
  5 bunyips
  10 yellow draconians
  A minotaur (Gauntlet)
  17 deep elf annihilators
  7 spark wasps
  13 purple draconians
  8 war gargoyles
  Azrael (Elf:1)
  A quicksilver dragon zombie (Depths:2)
  4 crystal guardians
  Snorg (D:14)
  11 fire dragons
  14 ettins
  2 blizzard demons
  8 entropy weavers
  The ghost of HourglassMan the Apothecary, a journeyman NaAl of Cheibriados (D:9)
  5 rakshasas
  8 great orbs of eyes
  A hell beast (Depths:2)
  41 vault guards
  The ghost of sm0rk the Fighter, a journeyman MfIE of Lugonu (Lair:1)
  14 deep elf high priests
  5 ice dragons
  7 peacekeepers
  8 ghost crabs
  20 yaktaur captains
  26 hydras
  3 jorogumos
  10 ironbound frosthearts
  6 spriggan air magi
  10 centaur warriors
  4 ogre magi (Orc:2)
  3 radroaches
  12 alligators
  A death knight (Vaults:3)
  17 two-headed ogres
  32 dancing weapons
  12 boulder beetles
  An anaconda (Lair:3)
  The ghost of tadhg the Thaumaturge, a journeyman DECj of Hepliaklqana (D:12)
  8 death yaks
  A sphinx skeleton (Depths:1)
  8 deep troll earth magi
  4 deep troll shamans
  9 demonic crawlers
  A thrashing horror (Abyss:2)
  6 spriggan berserkers
  3 tengu warriors
  2 death scarabs
  2 vampire magi
  2 orc high priests
  Nergalle (Orc:1)
  16 hell knights
  An occultist (Depths:2)
  7 sun demons
  A sixfirhy (Depths:4)
  11 spriggans
  3 wretched stars (Abyss:2)
  10 pharaoh ants
  6 skysharks
  A spark wasp zombie (Depths:1)
  18 deep elf knights
  10 shadow wraiths
  A death drake (shapeshifter) (Vaults:5)
  A flayed ghost (Depths:4)
  7 goliath frogs
  5 iron trolls
  5 bog bodies
  9 steelbarb worms
  10 arcanists
  3 shadow demons (Depths:3)
  67 deep trolls
  17 swamp dragons
  A sun moth (Spider:4)
  9 phantasmal warriors
  5 spriggan druids
  9 deep elf archers
  10 glowing orange brains
  9 harpies
  7 necromancers
  22 ironbound convokers
  14 orb spiders
  7 lindwurms
  A shadow dragon skeleton (Depths:1)
  2 lightning spires (WizLab)
  23 deep elf pyromancers
  14 orc knights
  36 ugly things
  24 deep elf zephyrmancers
  7 will-o-the-wisps
  6 orc sorcerers
  25 moths of wrath
  2 manticores
  A shining eye (shapeshifter) (Depths:1)
  3 cyclopes
  3 large abominations (Abyss:2)
  Maurice (D:9)
  The ghost of Henri the Insei, a novice OpSh (D:5)
  18 wolf spiders
  3 shining eyes (Zot:2)
  A faun (shapeshifter) (Vaults:5)
  3 salamanders (WizLab)
  A fire giant zombie (Depths:2)
  A salamander (shapeshifter) (Elf:1)
  A guardian serpent (shapeshifter) (Vaults:1)
  21 elephants
  18 meliai
  A rust devil (Depths:1)
  3 kobold blastminers (Orc:1)
  11 vault sentinels
  A storm dragon simulacrum (Zot:1)
  A molten gargoyle (WizLab)
  8 torpor snails
  2 smoke demons (D:13)
  21 eyes of devastation
  23 cane toads
  5 gargoyles (WizLab)
  5 rime drakes
  6 black mambas
  37 yaktaurs
  A minotaur zombie (Gauntlet)
  Jeremiah (D:8)
  2 unseen horrors (shapeshifter)
  A kobold demonologist (D:11)
  A spark wasp simulacrum (Depths:2)
  14 komodo dragons
  5 ice devils
  An efreet (Gauntlet)
  6 tengu conjurers
  4 freezing wraiths
  3 ancient zymes (Abyss:2)
  2 polar bears (Lair:4)
  A queen bee (shapeshifter) (D:13)
  11 trolls
  A shadow dragon simulacrum (Zot:1)
  11 hornets
  16 tarantellas
  A harpy skeleton (Abyss:2)
  28 blink frogs
  A blink frog (shapeshifter) (Vaults:5)
  3 hellwings (D:13)
  16 tyrant leeches
  An ettin zombie (Depths:1)
  A fire giant simulacrum (Depths:2)
  31 jumping spiders
  5 centaur simulacra (D:12)
  5 dream sheep
  27 slime creatures
  Sigmund (D:2)
  4 shadows
  6 air elementals
  3 wraiths
  15 culicivoras
  A hog (D:14)
  A spriggan (shapeshifter) (Elf:3)
  6 water elementals
  A ynoxinul (Depths:2)
  66 yaks
  A yak (shapeshifter) (D:15)
  A vampire (Abyss:2)
  5 wyverns
  3 humans (D:14)
  6 basilisks
  A human (shapeshifter) (D:14)
  6 steam dragons
  A neqoxec (Gauntlet)
  9 fire elementals
  2 golden eyes (Depths:2)
  46 redbacks
  A purple draconian simulacrum (Zot:1)
  5 chaos spawn
  32 vampire mosquitoes
  A red draconian simulacrum (Zot:1)
  A redback (shapeshifter) (Vaults:3)
  4 wargs (Orc:2)
  4 small abominations (Abyss:2)
  12 swamp worms
  22 water moccasins
  4 hell hounds
  2 acid dragons
  Pargi (Sewer)
  A moth of wrath simulacrum (Zot:1)
  6 swamp drakes
  A meliai simulacrum (D:12)
  32 ogres
  3 sky beasts
  A black bear (Lair:1)
  3 laughing skulls
  22 orc warriors
  12 wolves
  9 boggarts
  12 centaurs
  2 phantoms
  18 bullfrogs
  3 brain worms
  2 kobold brigands (D:7)
  7 earth elementals
  2 gnoll sergeants
  4 scorpions
  6 wights
  5 electric eels
  17 howler monkeys
  13 hounds
  2 jellies
  17 orc priests
  3 gnoll boudas (D:7)
  3 iron imps (Abyss:2)
  A sleepcap (D:5)
  An iguana (D:6)
  23 orc wizards
  6 hell rats (Lair:5)
  Robin (D:2)
  15 gnolls
  4 adders
  2 ufetubi (Abyss:2)
  A ribbon worm (D:3)
  4 dart slugs
  74 orcs
  8 ball pythons
  7 bats
  7 endoplasms
  4 giant cockroaches
  12 goblins
  7 hobgoblins
  4 jackals (D:1)
  13 kobolds
  2 quokkas (D:1)
  9 frilled lizards
  5 rats
  An aspiring flesh (Zot:5)
  2 spectral weapons
  A starspawn tentacle (Abyss:2)
2369 creatures vanquished.

Vanquished Creatures (collateral kills)
  A shard shrike (Zig:5)
  An Ice Fiend (Zig:5)
2 creatures vanquished.

Vanquished Creatures (others)
  A deep elf blademaster (Elf:3)
  A demonspawn blood saint (D:13)
  A great orb of eyes (Vaults:4)
  A hydra (Swamp:4)
  A pharaoh ant (Spider:2)
  An arcanist (Vaults:3)
  A deep elf zephyrmancer (Elf:2)
  A deep elf pyromancer (Elf:1)
  A will-o-the-wisp (Swamp:2)
  A gargoyle (WizLab)
  A tyrant leech (Swamp:2)
  6 bloated husks (Swamp:2)
  2 humans (D:14)
  A swamp worm (Swamp:1)
  A sky beast (D:7)
  A small abomination (Abyss:2)
  An orc (D:6)
  A goblin (D:2)
  13 foxfires
  5 starspawn tentacles (Abyss:2)
42 creatures vanquished.

Grand Total: 2413 creatures vanquished

Notes
Turn   | Place    | Note
-------+----------+-------------------------------------------
     0 | D:1      | GriffinBr the Minotaur Berserker began the quest for the
                  | Orb.
     0 | D:1      | Reached XP level 1. HP: 19/19 MP: 0/0
   206 | D:1      | Reached XP level 2. HP: 25/27 MP: 1/1
   516 | D:1      | Reached skill level 4 in Fighting
   534 | D:1      | You fall into a shaft and drop 1 floor!
   611 | D:2      | Noticed Robin
   625 | D:2      | Reached ** piety under Trog
   630 | D:2      | Reached XP level 3. HP: 23/33 MP: 2/2
   634 | D:2      | Killed Robin
   870 | D:1      | Reached skill level 5 in Axes
  1099 | D:1      | Reached XP level 4. HP: 40/40 MP: 3/3
  1341 | D:2      | Found the +18 shield of the Gong {Loud rN+ Will+ rCorr
                  | EV-5}
  1916 | D:2      | Noticed Sigmund
  1926 | D:2      | Killed Sigmund
  1927 | D:2      | Reached XP level 5. HP: 35/47 MP: 4/4
  2173 | D:3      | Reached XP level 6. HP: 53/53 MP: 5/5
  2185 | D:3      | Reached *** piety under Trog
  2241 | D:3      | Found a radiant altar of Vehumet.
  2254 | D:3      | Found Wostroz's Armour Shop.
  2677 | D:4      | Reached XP level 7. HP: 60/60 MP: 6/6
  2765 | D:4      | Found a bloodstained altar of Trog.
  2797 | D:4      | Found a staircase to the Ecumenical Temple.
  2979 | D:4      | Found a glowing drain.
  3023 | Sewer    | Entered a sewer
  3030 | Sewer    | Noticed Pargi
  3053 | Sewer    | Killed Pargi
  3054 | Sewer    | Reached skill level 5 in Shields
  3297 | D:4      | Identified the +0 ring mail "Aquqos" {Rampage rC+ rN+
                  | Int-2}
  3596 | D:5      | Entered Level 5 of the Dungeon
  3613 | D:5      | Identified the +1 pair of gloves of Tortelloni {Stlth+}
  3644 | D:5      | Reached skill level 5 in Fighting
  3648 | D:5      | Reached XP level 8. HP: 68/68 MP: 7/7
  3732 | D:5      | Found a runed translucent gate.
  3732 | D:5      | Found a runed translucent gate.
  3732 | D:5      | Found a runed translucent gate.
  3733 | D:5      | Noticed Henri's ghost (novice OpSh)
  4707 | D:6      | Reached **** piety under Trog
  5024 | D:6      | Identified the +2 robe "Sajargh" {-Tele +Inv Archmagi}
  5193 | D:6      | Reached XP level 9. HP: 59/74 MP: 8/8
  5487 | D:3      | Bought the +2 cloak of the Thief {*Fog Slay-2 SInv Stlth+}
                  | for 221 gold pieces
  5487 | D:3      | Found the +2 cloak of the Thief {*Fog Slay-2 SInv Stlth+}
  5621 | D:7      | Found Bymul's Distillery.
  5682 | D:7      | Reached skill level 10 in Axes
  5875 | D:7      | Noticed a troll
  5929 | D:7      | Reached skill level 10 in Shields
  5940 | D:7      | Killed a troll
  6147 | D:7      | Reached XP level 10. HP: 77/83 MP: 9/9
  6328 | D:7      | Reached skill level 6 in Fighting
  6561 | D:7      | Reached ***** piety under Trog
  6960 | D:8      | Found a shadowy altar of Dithmenos.
  7012 | D:8      | Noticed an elephant
  7220 | D:8      | Found a hide-covered altar of Uskayaw.
  7233 | D:8      | Found a hazy altar of Hepliaklqana.
  7288 | D:8      | Killed an elephant
  7289 | D:8      | Noticed Jeremiah
  7295 | D:8      | Reached skill level 5 in Armour
  7308 | D:8      | Killed Jeremiah
  7315 | D:8      | Reached skill level 7 in Fighting
  7641 | D:8      | Found a staircase to the Lair.
  7800 | D:9      | Found a burning altar of Makhleb.
  7801 | D:9      | Found a sacrificial altar of Ru.
  7802 | D:9      | Found a snail-covered altar of Cheibriados.
  7827 | D:9      | Found a basalt altar of Yredelemnul.
  7955 | D:9      | Reached XP level 11. HP: 92/92 MP: 10/10
  7978 | D:9      | Noticed a two-headed ogre
  7998 | D:9      | Killed a two-headed ogre
  8188 | D:9      | Found a runed translucent gate.
  8189 | D:9      | Found a runed translucent gate.
  8189 | D:9      | Found a runed translucent gate.
  8189 | D:9      | Noticed HourglassMan's ghost (journeyman NaAl)
  8227 | D:9      | Found an opulent altar of Gozag.
  8513 | D:5      | Killed Henri's ghost
  8655 | D:10     | Entered Level 10 of the Dungeon
  8730 | D:10     | Noticed Maurice
  8778 | D:9      | Something stole a condenser vane
  8779 | D:9      | Something stole 365 gold
  8787 | D:9      | Killed Maurice
  8788 | D:9      | Reached skill level 15 in Axes
  8852 | D:10     | Received a gift from Trog
  8929 | D:10     | Noticed a two-headed ogre
  8936 | D:10     | Killed a two-headed ogre
  9207 | D:10     | Reached skill level 8 in Fighting
  9232 | D:10     | Found a staircase to the Orcish Mines.
  9782 | D:11     | Found Amyzuhil's Magic Scroll Shoppe.
  9793 | D:11     | Bought a scroll of teleportation for 33 gold pieces
  9793 | D:11     | Bought a scroll of teleportation for 33 gold pieces
  9793 | D:11     | Bought a scroll of poison for 44 gold pieces
 10063 | D:11     | Noticed a two-headed ogre
 10069 | D:11     | Killed a two-headed ogre
 10389 | D:12     | Reached XP level 12. HP: 93/101 MP: 11/11
 10598 | D:12     | Found a runed translucent gate.
 10598 | D:12     | Found a runed translucent gate.
 10600 | D:12     | Found a runed translucent gate.
 10606 | D:12     | Noticed a boulder beetle
 10626 | D:12     | Killed a boulder beetle
 10940 | D:12     | Noticed tadhg's ghost (journeyman DECj)
 11405 | D:12     | Reached skill level 5 in Dodging
 11441 | D:12     | Killed tadhg's ghost
 11805 | D:13     | Noticed a tengu warrior
 11836 | D:13     | Killed a tengu warrior
 12149 | D:13     | Noticed a centaur warrior
 12161 | D:13     | Killed a centaur warrior
 12518 | D:13     | Noticed a boulder beetle
 12537 | D:13     | Killed a boulder beetle
 12640 | D:14     | Noticed a two-headed ogre
 12655 | D:14     | Killed a two-headed ogre
 12656 | D:14     | Reached skill level 9 in Fighting
 12656 | D:14     | Noticed a four-headed hydra
 12710 | D:14     | Reached XP level 13. HP: 94/111 MP: 12/12
 12976 | D:14     | Noticed Snorg
 13141 | D:14     | Killed Snorg
 13199 | D:14     | Noticed an ironbound thunderhulk
 13202 | D:14     | Reached skill level 1 in Stealth
 13232 | D:14     | Killed an ironbound thunderhulk
 13479 | D:14     | Found a sacrificial altar of Ru.
 13653 | D:14     | Noticed Kirke
 13669 | D:14     | Killed Kirke
 13778 | D:14     | Reached skill level 10 in Fighting
 13858 | D:14     | Found a gate to the Vaults.
 14134 | D:15     | Entered Level 15 of the Dungeon
 14212 | D:15     | Noticed an ettin
 14217 | D:15     | Killed an ettin
 14419 | D:15     | Reached skill level 10 in Armour
 14422 | D:15     | Reached skill level 15 in Shields
 14655 | D:15     | Received a gift from Trog
 14657 | D:15     | HP: 2/115 [meliai/divine providence (14)]
 15122 | D:14     | Reached skill level 11 in Fighting
 15249 | D:15     | Reached XP level 14. HP: 124/124 MP: 13/13
 15593 | D:15     | Found a staircase to the Depths.
 16108 | Orc:1    | Entered Level 1 of the Orcish Mines
 16131 | Orc:1    | Noticed Nergalle
 16145 | Orc:1    | Killed Nergalle
 16403 | Orc:2    | Entered Level 2 of the Orcish Mines
 16524 | Orc:2    | Found Urimex's Antique Armour Emporium.
 16778 | Orc:2    | Reached skill level 12 in Fighting
 17055 | Orc:1    | Reached ****** piety under Trog
 17324 | Orc:2    | Found a staircase to the Elven Halls.
 17356 | Orc:2    | Found Tapnee's Book Shop.
 17356 | Orc:2    | Found Beosches's Magic Scroll Shoppe.
 17357 | Orc:2    | Found Ossas's Book Shoppe.
 17357 | Orc:2    | Found Zidop's Book Boutique.
 17367 | Orc:2    | Bought a scroll of identify for 22 gold pieces
 17367 | Orc:2    | Bought a scroll of blinking for 82 gold pieces
 17371 | Orc:2    | Bought a scroll of poison for 44 gold pieces
 17371 | Orc:2    | Bought a scroll of teleportation for 33 gold pieces
 17508 | Orc:2    | Bought a manual of Dodging for 1040 gold pieces
 17534 | Orc:2    | Bought an embroidered hat for 182 gold pieces
 17651 | Elf:1    | Entered Level 1 of the Elven Halls
 17672 | Elf:1    | Reached skill level 10 in Dodging
 17874 | Elf:1    | Noticed Azrael
 17903 | Elf:1    | Killed Azrael
 17965 | Elf:1    | Reached skill level 13 in Fighting
 18351 | Elf:1    | Reached skill level 5 in Stealth
 18472 | Elf:1    | Paralysed by an air elemental for 1 turns
 18478 | Elf:1    | Paralysed by an air elemental for 1 turns
 18484 | Elf:1    | Paralysed by an air elemental for 1 turns
 18616 | Elf:1    | Received a gift from Trog
 18617 | Elf:1    | Reached XP level 15. HP: 63/135 MP: 14/14
 18960 | Elf:1    | Paralysed by an air elemental for 1 turns
 18965 | Elf:1    | Paralysed by an air elemental for 1 turns
 19694 | Elf:1    | Paralysed by an air elemental for 1 turns
 20461 | Elf:2    | Reached skill level 14 in Fighting
 20521 | Elf:2    | Paralysed by an air elemental for 1 turns
 20524 | Elf:2    | Paralysed by an air elemental for 1 turns
 20525 | Abyss:2  | Cast into level 2 of the Abyss (+2 scimitar of distortion)
 20528 | Abyss:2  | Found a corrupted altar of Lugonu.
 20677 | Abyss:2  | Received a gift from Trog
 20762 | Abyss:2  | Noticed a tentacled starspawn
 20849 | Abyss:2  | Noticed a tentacled starspawn
 20859 | Abyss:2  | Killed a tentacled starspawn
 20907 | Abyss:2  | Noticed a tentacled starspawn
 20918 | Abyss:2  | Killed a tentacled starspawn
 21088 | Elf:2    | Escaped the Abyss
 21308 | Elf:2    | Reached skill level 15 in Fighting
 21816 | Lair:1   | Entered Level 1 of the Lair of Beasts
 21894 | Lair:1   | Received a gift from Trog
 21979 | Lair:1   | Found a transporter.
 21980 | Lair:1   | Noticed sm0rk's ghost (journeyman MfIE)
 21983 | Lair:1   | Found a transporter.
 22342 | Lair:2   | Reached XP level 16. HP: 143/149 MP: 15/15
 22362 | Lair:2   | Found a gate leading to a gauntlet.
 22381 | Gauntlet | Entered a Gauntlet
 22381 | Gauntlet | Found a transporter.
 22381 | Gauntlet | Found a transporter.
 22381 | Gauntlet | Found a transporter.
 22401 | Gauntlet | Found a transporter.
 22415 | Gauntlet | Found a transporter.
 22417 | Gauntlet | Found a large runed translucent door.
 22417 | Gauntlet | Found a transporter.
 22418 | Gauntlet | Found a large runed translucent door.
 22419 | Gauntlet | Found a large runed translucent door.
 22419 | Gauntlet | Found a large runed translucent door.
 22419 | Gauntlet | Found a runed translucent door.
 22419 | Gauntlet | Found a runed translucent door.
 22420 | Gauntlet | Found a large runed translucent door.
 22421 | Gauntlet | Found a large runed translucent door.
 22422 | Gauntlet | Found a large runed translucent door.
 22422 | Gauntlet | Found a large runed translucent door.
 22423 | Gauntlet | Found a runed translucent gate.
 22423 | Gauntlet | Found a runed translucent gate.
 22423 | Gauntlet | Found a runed translucent gate.
 22425 | Gauntlet | Found a transporter.
 22434 | Gauntlet | Found a large runed translucent door.
 22434 | Gauntlet | Found a large runed translucent door.
 22435 | Gauntlet | Found a large runed translucent door.
 22436 | Gauntlet | Found a large runed translucent door.
 22446 | Gauntlet | Found a transporter.
 22448 | Gauntlet | Found a large runed translucent door.
 22448 | Gauntlet | Found a large runed translucent door.
 22449 | Gauntlet | Found a large runed translucent door.
 22450 | Gauntlet | Found a large runed translucent door.
 22480 | Gauntlet | Found a transporter.
 22480 | Gauntlet | Found a transporter.
 22499 | Gauntlet | Found a transporter.
 22500 | Gauntlet | Found a transporter.
 22869 | Gauntlet | Identified the ring of Impev {Wiz rN+ MP+9 Int+3 Dex+2}
 22934 | Gauntlet | Identified the +4 spear "Jiuteshebb" {drain, MP+9}
 23329 | Lair:2   | Found a hole to the Spider Nest.
 23427 | Lair:2   | Reached skill level 16 in Fighting
 23917 | Lair:3   | Received a gift from Trog
 24128 | Lair:3   | Found a staircase to the Swamp.
 24653 | Lair:4   | Reached skill level 15 in Dodging
 25477 | Lair:4   | Found a staircase to the Slime Pits.
 25831 | Lair:5   | Entered Level 5 of the Lair of Beasts
 25988 | Lair:5   | Reached skill level 17 in Fighting
 26005 | Lair:5   | Reached skill level 1 in Throwing
 26156 | Lair:5   | Received a gift from Trog
 27152 | Lair:1   | Killed sm0rk's ghost
 27153 | Lair:1   | Reached XP level 17. HP: 154/161 MP: 16/16
 27285 | Swamp:1  | Entered Level 1 of the Swamp
 27297 | Swamp:1  | Reached skill level 15 in Armour
 27662 | Swamp:1  | Received a gift from Trog
 27719 | Swamp:1  | Reached skill level 5 in Throwing
 27844 | Swamp:1  | Found a shimmering altar of Xom.
 28525 | Swamp:2  | Noticed Louise
 29322 | Swamp:2  | Killed Louise
 29351 | Swamp:2  | Received a gift from Trog
 29400 | Swamp:2  | Reached skill level 18 in Fighting
 30643 | Swamp:4  | Entered Level 4 of the Swamp
 30652 | Swamp:4  | Noticed a tentacled monstrosity
 30668 | Swamp:4  | Killed a tentacled monstrosity
 30737 | Swamp:4  | Identified the serpent talisman "Ylezoojo" {rC- rN++
                  | Will+++ Dex-5}
 30737 | Swamp:4  | Noticed Aizul
 30768 | Swamp:4  | Killed Aizul
 30769 | Swamp:4  | Reached XP level 18. HP: 89/172 MP: 17/17
 31345 | Swamp:4  | Noticed Donald
 31470 | Swamp:4  | Killed Donald
 31470 | Swamp:4  | Received a gift from Trog
 31604 | Swamp:4  | Noticed the 27-headed Lernaean hydra
 31873 | Swamp:4  | Killed the 18-headed Lernaean hydra
 32190 | Swamp:4  | Got a decaying rune of Zot
 32588 | D:9      | Killed HourglassMan's ghost
 32811 | Orc:2    | Bought a pair of runed boots for 195 gold pieces
 32887 | Elf:2    | Paralysed by an air elemental for 1 turns
 32889 | Elf:2    | Paralysed by an air elemental for 1 turns
 32991 | Elf:2    | Paralysed by an air elemental for 1 turns
 33006 | Elf:2    | Found Anorant's Armour Emporium.
 33083 | Elf:2    | Found a runed translucent gate.
 33083 | Elf:2    | Found a runed translucent gate.
 33084 | Elf:2    | Found a runed translucent gate.
 33486 | Elf:2    | Reached skill level 1 in Evocations
 33532 | Elf:2    | Bought the +6 plate armour of Holog {rElec rF+ SInv} for
                  | 1173 gold pieces
 34247 | Elf:2    | Received a gift from Trog
 34514 | Elf:3    | Entered Level 3 of the Elven Halls
 34818 | Elf:3    | Identified the +0 ring mail of Dicaymn {Will+ Str+2}
 34959 | Elf:3    | Found Cimiotat's Overcharged Wands.
 35493 | Elf:3    | Reached skill level 19 in Fighting
 35512 | Elf:3    | Identified the ring of Ummups {+Blink Fly rC+ Int+6 Dex-5}
 35727 | Elf:3    | Identified the ring "Caimpe" {rPois rC+ rCorr Str+3 Int-3}
 35762 | Elf:3    | Reached XP level 19. HP: 127/182 MP: 18/18
 35785 | Elf:3    | Noticed a Tzitzimitl
 35790 | Elf:3    | Noticed a Brimstone Fiend
 36061 | Elf:3    | Paralysed by an air elemental for 1 turns
 36171 | Elf:3    | Received a gift from Trog
 36184 | Elf:3    | Reached skill level 5 in Evocations
 36751 | Elf:3    | Found the +8 mithril axe "Arga" {speed, Will+}
 36754 | Elf:3    | Identified the amulet of Qexah {Reflect rC+ SH+5 Stlth+}
 36811 | Elf:3    | Identified the +6 short sword "Ogrebane" {flame, *Rage
                  | rPois Stlth+}
 37254 | Vaults:1 | Entered Level 1 of the Vaults
 37301 | Vaults:1 | Noticed Norris
 38670 | Vaults:1 | Killed Norris
 38671 | Vaults:1 | Reached skill level 10 in Throwing
 38979 | Vaults:1 | Noticed Nikola
 39004 | Vaults:1 | Killed Nikola
 39090 | Vaults:1 | Received a gift from Trog
 40157 | Vaults:1 | Noticed Saint Roka
 40362 | Vaults:1 | Reached XP level 20. HP: 193/193 MP: 13/19
 41128 | Vaults:1 | Killed Saint Roka
 41574 | Vaults:2 | Noticed Mennas
 41626 | Vaults:2 | Received a gift from Trog
 41983 | Vaults:2 | Noticed Boris
 42001 | Vaults:2 | Noticed Asterion
 42005 | Vaults:2 | Killed Boris
 42017 | Vaults:2 | Killed Asterion
 42352 | Vaults:2 | Reached skill level 20 in Fighting
 42534 | Vaults:2 | Found Caufam's Antique Weapon Boutique.
 42743 | Vaults:2 | Received a gift from Trog
 42868 | Vaults:2 | Killed Mennas
 44547 | Vaults:3 | Received a gift from Trog
 44670 | Vaults:3 | Reached XP level 21. HP: 201/201 MP: 5/20
 45321 | Vaults:3 | Found a staircase to the Crypt.
 45342 | Vaults:3 | Found Afyq's Antique Weapon Boutique.
 46207 | Vaults:4 | Noticed Sojobo
 46229 | Vaults:4 | Noticed Xtahua
 46247 | Vaults:4 | Killed Sojobo
 46652 | Vaults:4 | Reached skill level 10 in Evocations
 47038 | Vaults:4 | Killed Xtahua
 47065 | Vaults:4 | Received a gift from Trog
 47754 | Vaults:4 | Noticed an ancient lich
 47771 | Vaults:4 | Killed an ancient lich
 47948 | Vaults:4 | Identified the +11 glaive of Dyapoll {speed, *Rage Fly
                  | Dex+7 Stlth+}
 48649 | Vaults:4 | Noticed a dread lich
 48668 | Vaults:4 | Killed a dread lich
 49121 | Vaults:5 | Entered Level 5 of the Vaults
 49138 | Vaults:5 | Reached skill level 21 in Fighting
 49140 | Vaults:5 | Received a gift from Trog
 49143 | Vaults:5 | Reached XP level 22. HP: 119/213 MP: 1/21
 49957 | Vaults:5 | Received a gift from Trog
 50090 | Vaults:5 | Reached skill level 15 in Throwing
 50102 | Vaults:5 | Identified the staff "Xusmaale" {+Blink rN+ Necro}
 50102 | Vaults:5 | Noticed a golden dragon
 50149 | Vaults:5 | Killed a golden dragon
 50166 | Vaults:5 | Identified the +6 chain mail of Indemnity {Str+3}
 50293 | Vaults:5 | Identified the +7 hand axe of Otaloqe {flame, rN+ Str+6
                  | SInv Stlth-} (Trog gifted it to you on level 5 of the
                  | Vaults)
 50293 | Vaults:5 | Received a gift from Trog
 50559 | Vaults:5 | Got a silver rune of Zot
 51474 | Spider:1 | Entered Level 1 of the Spider Nest
 52992 | Spider:2 | Reached XP level 23. HP: 205/222 MP: 0/22
 53163 | Spider:2 | Reached skill level 22 in Fighting
 53844 | Spider:3 | Received a gift from Trog
 55230 | Spider:4 | Entered Level 4 of the Spider Nest
 56066 | Spider:4 | Got a gossamer rune of Zot
 56352 | Spider:4 | Noticed Arachne
 56371 | Spider:4 | Killed Arachne
 56836 | Depths:1 | Entered Level 1 of the Depths
 56847 | Depths:1 | Received a gift from Trog
 57066 | Depths:1 | Noticed Margery
 57109 | D:15     | Killed Margery
 57258 | Depths:1 | Reached skill level 15 in Evocations
 57784 | Depths:1 | Received a gift from Trog
 57950 | Depths:1 | Found a gateway to Hell.
 57976 | Depths:1 | Found a runed translucent door.
 57976 | Depths:1 | Noticed Imio's ghost (adept DgCj)
 58065 | Depths:1 | Found a one-way gate leading to the halls of Pandemonium.
 58393 | Depths:1 | Found a glowing silver altar of Zin.
 58607 | Depths:1 | Found a one-way gate to the infinite horrors of the Abyss.
 58762 | Depths:1 | Killed Imio's ghost
 59302 | Depths:2 | Found an iron altar of Okawaru.
 59660 | Depths:2 | Reached XP level 24. HP: 216/234 MP: 18/22
 59760 | Depths:2 | Reached skill level 23 in Fighting
 60590 | Depths:2 | Received a gift from Trog
 61088 | Depths:2 | Found a one-way gateway to a ziggurat.
 61173 | Zig:1    | Entered Level 1 of a ziggurat
 61225 | Zig:2    | Entered Level 2 of a ziggurat
 61247 | Zig:3    | Entered Level 3 of a ziggurat
 61410 | Zig:4    | Entered Level 4 of a ziggurat
 61413 | Zig:4    | Noticed a dread lich
 61425 | Zig:4    | Killed a dread lich
 61567 | Zig:4    | Identified the +6 shortbow of Moderation {drain, rN+ Dex+6}
 61572 | Zig:5    | Entered Level 5 of a ziggurat
 61577 | Zig:5    | Noticed a shard shrike
 61583 | Zig:5    | Killed a shard shrike
 62014 | Depths:3 | Found a magical portal.
 62087 | WizLab   | Entered Maxwell's Workshop
 62543 | WizLab   | Identified the ring "Otsokis" {Ice Int+5}
 62553 | WizLab   | Received a gift from Trog
 63110 | WizLab   | Identified the ring "Raff" {Fire *Corrode MP+9 Str+6 SInv}
 63136 | WizLab   | Identified the ring "Bifua" {Ice ^Drain rCorr Str+3 Slay+5}
 63600 | Depths:3 | Found a shadowy altar of Dithmenos.
 63617 | Depths:3 | Identified the +2 cloak of Forking Paths {+Inv, Int+2}
 63626 | Depths:3 | Identified the +5 shadow dragon scales of the Eight Ships
                  | {Int+2 SInv Stlth++++}
 63831 | Depths:3 | Found Uphot's Armour Shoppe.
 63836 | Depths:3 | Found Heen's Weapon Emporium.
 63968 | Depths:3 | Identified the +3 ring mail "Soir" {Harm rElec rC+ Regen+}
 64435 | Depths:3 | Found a hide-covered altar of Uskayaw.
 64517 | Depths:4 | Entered Level 4 of the Depths
 64716 | Depths:3 | Received a gift from Trog
 65002 | Depths:3 | Reached skill level 24 in Fighting
 65415 | Depths:4 | Identified the +3 leather armour of the Tamarind {Str+2}
 65448 | Depths:4 | Reached skill level 10 in Stealth
 65736 | Depths:4 | Reached XP level 25. HP: 230/246 MP: 17/22
 66278 | Depths:4 | Received a gift from Trog
 66433 | Depths:4 | Found a gate to the Realm of Zot.
 66606 | Depths:4 | Identified the +1 orcbow "Ykosuvew" {speed, rPois rF-
                  | Int+3}
 66839 | Zot:1    | Entered Level 1 of the Realm of Zot
 66964 | Zot:1    | Identified the ring of the Modern Gods {Ice rElec}
 66964 | Zot:1    | Noticed Josephina
 66975 | Zot:1    | Killed Josephina
 68345 | Zot:2    | Received a gift from Trog
 69147 | Zot:2    | Reached skill level 25 in Fighting
 71158 | Zot:3    | Noticed an orb of fire
 71166 | Zot:3    | Gained mutation: You are dopey. (Int -2) [an orb of fire]
 71171 | Zot:3    | Killed an orb of fire
 72079 | Zot:3    | Lost mutation: You are dopey. (Int -2) [potion of mutation]
 72079 | Zot:3    | Gained mutation: You do not regenerate when monsters are
                  | visible. [potion of mutation]
 72079 | Zot:3    | Gained mutation: You have very sharp teeth. [potion of
                  | mutation]
 72079 | Zot:3    | Gained mutation: You are partially covered in iridescent
                  | scales. (AC +2) [potion of mutation]
 72080 | Zot:3    | Lost mutation: You are partially covered in iridescent
                  | scales. (AC +2) [potion of mutation]
 72080 | Zot:3    | Lost mutation: You have very sharp teeth. [potion of
                  | mutation]
 72080 | Zot:3    | Gained mutation: Armour fits poorly on your strangely
                  | shaped body. [potion of mutation]
 72080 | Zot:3    | Gained mutation: Your spells are a little harder to cast,
                  | but a little more powerful. [potion of mutation]
 72081 | Zot:3    | Lost mutation: Your spells are a little harder to cast, but
                  | a little more powerful. [potion of mutation]
 72081 | Zot:3    | Lost mutation: You do not regenerate when monsters are
                  | visible. [potion of mutation]
 72081 | Zot:3    | Gained mutation: Your spells are a little harder to cast,
                  | but a little more powerful. [potion of mutation]
 72081 | Zot:3    | Gained mutation: Your movements are slightly less
                  | encumbered by armour. (ER -2) [potion of mutation]
 72236 | Zot:4    | Reached XP level 26. HP: 245/259 MP: 0/22
 73479 | Zot:5    | Entered Level 5 of the Realm of Zot
 74000 | Zot:5    | Noticed a dread lich
 74017 | Zot:5    | Killed a dread lich
 74070 | Zot:5    | Noticed a dread lich
 74107 | Zot:5    | Received a gift from Trog
 74379 | Zot:5    | Noticed an orb of fire
 74395 | Zot:5    | Reached skill level 26 in Fighting
 74395 | Zot:5    | Killed an orb of fire
 74496 | Zot:5    | Killed a dread lich
 74739 | Zot:5    | Noticed an ancient lich
 74759 | Zot:5    | Killed an ancient lich
 74799 | Zot:5    | Noticed an orb of fire
 74803 | Zot:5    | Gained mutation: You passively dampen the noise of your
                  | surroundings. [an orb of fire]
 74805 | Zot:5    | Gained mutation: You do not regenerate when monsters are
                  | visible. [an orb of fire]
 74806 | Zot:5    | Gained mutation: Your health recovers twice as slowly from
                  | being drained. [an orb of fire]
 74811 | Zot:5    | Noticed a dread lich
 74826 | Zot:5    | Gained mutation: Your muscles are strong. (Str +4, Int/Dex
                  | -1) [an orb of fire]
 74828 | Zot:5    | Gained mutation: You occasionally lose the ability to read
                  | scrolls when taking damage. [an orb of fire]
 74833 | Zot:5    | Gained mutation: You occasionally shout uncontrollably at
                  | your foes. [an orb of fire]
 74834 | Zot:5    | Killed an orb of fire
 74835 | Zot:5    | Reached skill level 27 in Fighting
 75190 | Zot:5    | Lost mutation: Your spells are a little harder to cast, but
                  | a little more powerful. [potion of mutation]
 75190 | Zot:5    | Lost mutation: Your muscles are strong. (Str +4, Int/Dex
                  | -1) [potion of mutation]
 75190 | Zot:5    | Lost mutation: You passively dampen the noise of your
                  | surroundings. [potion of mutation]
 75190 | Zot:5    | Gained mutation: Your mind is acute. (Int +4, Str/Dex -1)
                  | [potion of mutation]
 75191 | Zot:5    | Lost mutation: Your health recovers twice as slowly from
                  | being drained. [potion of mutation]
 75191 | Zot:5    | Lost mutation: You occasionally shout uncontrollably at
                  | your foes. [potion of mutation]
 75191 | Zot:5    | Gained mutation: You are frail. (-10% HP) [potion of
                  | mutation]
 75191 | Zot:5    | Gained mutation: You have hidden genetic potential. [potion
                  | of mutation]
 75206 | Zot:5    | Noticed a dread lich
 75235 | Zot:5    | Killed a dread lich
 75436 | Zot:5    | Received a gift from Trog
 75446 | Zot:5    | Killed a dread lich
 75831 | Zot:5    | Got the Orb of Zot
 76407 | D:2      | Noticed Plog the pandemonium lord
 76433 | D:1      | Noticed Boris
 76450 | D:1      | Killed Boris
 76488 | D:$      | Escaped with the Orb!

Illustrated notes

Levels and vault maps discovered:
D:1:      lightli_molten_gateway, layout_loops_corners
D:2:      layout_basic, nrook_loot_triangle, grunt_ministairs_10,
          chequers_big_river, uniq_sigmund, uniq_robin
D:3:      layout_rooms, mainiacjoe_overflow_tiny_flanked, serial_shops,
          nicolae_shop_scrapyard
D:4:      layout_gridville, mainiacjoe_overflow_24_doors,
          minmay_temple_entry_glass, portal_sewer_entry_d
D:5:      layout_basic, ebering_ghost_rock_garden
D:6:      layout_loops_ring
D:7:      lemuel_castle_with_subvaults [lemuel_castle_interior_carwin_2],
          layout_cave_pools, serial_shops, shop_coins,
          minmay_misc_feat_four_crosses, hangedman_misty_isle
D:8:      layout_loops_ring, nicolae_dithmenos_the_darkroom,
          mainiacjoe_overflow_large_starburst, grunt_lair_entry_orc_guard_hut,
          uniq_jeremiah
D:9:      layout_roguey, grunt_gozag_breadcrumbs,
          nicolae_overflow_quartered_altars, gammafunk_ghost_spectres,
          due_unseen_surprise
D:10:     layout_cave_pools, david_orc_4, kennysheep_generic_room_2,
          uniq_maurice
D:11:     layout_gridville, serial_shops, shop
D:12:     layout_stronghold, gammafunk_ghost_icy
D:13:     layout_stronghold
D:14:     layout_basic, hellmonk_vaults_keyhole,
          nicolae_ru_the_path_less_chosen, uniq_snorg, uniq_kirke
D:15:     hangedman_depths_entry_civil_slaughter, layout_irregular_city,
          fountainhead
Lair:1:   layout_misc_corridors, nzn_ghost_randoct
Lair:2:   layout_roguey, spider_nest_entry_webs,
          portal_ice_cave_entry_pillars_2, gauntlet_entry_generic
Lair:3:   layout_regular_city, minmay_swamp_entry_worms, hellmonk_talismancer,
          infiniplex_staircase_pool
Lair:4:   layout_hall_layers, slime_entry_2
Lair:5:   minmay_lair_end_frog_pond, layout_cave_pods, grunt_megastairs_4
Swamp:1:  layout_basic_swamp, basic_altar
Swamp:2:  bobbens_index_wilting_gardens, layout_basic_swamp,
          nicolae_swamp_bean_lake, uniq_louise
Swamp:3:  layout_basic_swamp, nicolae_swamp_triple_paths
Swamp:4:  swamp_old_school, layout_basic_swamp, swamp_pool_1_2,
          infiniplex_staircase_pool_2, uniq_aizul, uniq_donald
Spider:1: layout_spider_delve, nicolae_spider_not_touching_you
Spider:2: layout_spider_delve
Spider:3: layout_cave_pods, hellmonk_watch_for_rolling_rocks
Spider:4: hellmonk_spider_rune_bug_friends, uniq_arachne
Orc:1:    layout_caves, nicolae_orc_damp_corner, uniq_nergalle
Orc:2:    st_orc_ogre_mass, layout_caves, serial_shops, shop
Elf:1:    eino_elf_arrival_the_gate, layout_onion_city, evilmike_minifort,
          uniq_azrael
Elf:2:    elven_hall_of_blades_hangedman_original
          [nicolae_blade_entry_crossed_weapons], layout_geoelf_octagon,
          serial_shops, nicolae_shop_gibbet_a_chance, st_stairs_4
Elf:3:    minmay_elf_hall_four_x, layout_geoelf_octagon,
          nicolae_shop_overcharged_wands
Vaults:1: nicolae_vaults_closet_pinwheel_4, vaults_room_stairs_pillars,
          v_alt_pattern_5, v_misc_18, vaults_mumra_minichess_inversion,
          vaults_mumra_lcd, nicolae_vaults_shipping_containers_2,
          nicolae_vaults_double_plus_1, v_rooms_1, v_pattern_3, v_misc_22,
          layout_vaults_omnibox, uniq_norris, uniq_saint_roka, uniq_nikola
Vaults:2: nicolae_vaults_closet_pinwheel_1, nicolae_vaults_mini_display_case,
          v_misc_9, vaults_room_hallway, nicolae_vaults_tangent_ellipses,
          nicolae_vaults_stepped_doors, nicolae_vaults_tetromino_Z_2,
          nicolae_vaults_trapezoid_lopsided_1, nicolae_vaults_yaktaur_gun_rack,
          nicolae_vaults_tetromino_Z_2, ontoclasm_vaults_chip,
          layout_vaults_omnigrid, serial_shops, nicolae_shop_tiny_glass,
          uniq_asterion, uniq_mennas, uniq_boris
Vaults:3: minmay_crypt_entry_simple_statues, hangedman_vaults_pinch,
          nicolae_vaults_trapezoid_1, nicolae_vaults_rhombus_7, v_rooms_5,
          nicolae_vaults_closet_pinwheel_1, hangedman_vaults_stretched_pinwheel,
          v_misc_2, nicolae_vaults_sesquioval_fish, minmay_orc_keep,
          vaults_room_pool, layout_vaults_ring, serial_shops,
          nicolae_shop_hallway_stairs
Vaults:4: hangedman_vaults_impose, st_greater_box_4,
          hangedman_vaults_corner_blocks, nicolae_vaults_triangles,
          nicolae_vaults_tangram_1, nicolae_vaults_offset_grid_hallway_1,
          vaults_mumra_hex, layout_vaults_chaotic_city, uniq_sojobo, uniq_xtahua
Vaults:5: serial_shops
Depths:1: layout_cave_pools, grunt_metal_band, ebering_ghost_reflecting_pool,
          abyss_entry_crystal, rand_demon_pan_entry_8,
          hangedman_abyss_or_decor_passed, grunt_ministairs_15,
          kennysheep_minor_cross, zin_scriptorium
Depths:2: minmay_eyes, layout_basic, enter_ziggurat_e,
          grunt_pan_entry_in_and_out, hellmonk_okawaru_the_only_friend_you_need,
          hell_entry
Depths:3: regret_index_dithmenos_brocken_genspenst, layout_cave_shapes,
          hell_entry, abyss_entry, infiniplex_enter_wizlab_spiral,
          old_standard_altar, minmay_shoptagon,
          infiniplex_staircase_split_hallway
Depths:4: grunt_zot_entry_funnels, layout_cave_shapes, minmay_misc_feat_tiny,
          abyss_entry, hangedman_coc_ice_floe, kennysheep_kite_vault
Zot:1:    layout_gridlike, hangedman_zot_diagonal_lockstep, uniq_josephina
Zot:2:    kennysheep_ambush_hall, layout_onion_interference
Zot:3:    layout_onion_interference, grunt_ministairs_15,
          regret_index_zot_stipple_split
Zot:4:    layout_gridlike, regret_index_zotdec_banners
Zot:5:    layout_misc_corridors

Skill      XL: |  1  2  3  4  5  6  7  8  9 10 11 12 13 14 15 16 17 18 19 20 21 22 23 24 25 26 |
---------------+-------------------------------------------------------------------------------+-----
Axes           | 4 5 6 7 8 9 12 14 16 17 18 19 20 21 | 21.9
Fighting       | 4 5 7 8 9 11 13 15 17 18 19 20 21 22 24 25 27 | 27.0
Dodging        | 3 4 6 8 11 14 16 17 18 19 20 | 20.0
Shields        | 2 3 6 9 10 11 13 14 15 16 17 18 19 20 | 20.0
Armour         | 3 4 5 6 8 10 12 13 14 16 17 18 19 20 | 20.0
Stealth        | 3 5 6 7 10 12 13 | 13.0
Throwing       | 3 7 9 10 12 14 16 17 18 20 | 20.0
Evocations     | 4 7 9 11 13 15 17 18 20 | 20.0
Unarmed Combat | |  0.1

Action                     |  1- 3 |  4- 6 |  7- 9 | 10-12 | 13-15 | 16-18 | 19-21 | 22-24 | 25-27 || total
---------------------------+-------+-------+-------+-------+-------+-------+-------+-------+-------++-------
  Melee: Hand axe          |    77 |   124 |   225 |       |       |       |       |       |       ||   426
         Headbutt          |     9 |    15 |    63 |   130 |   255 |   378 |   503 |   714 |   513 ||  2580
         War axe           |       |       |   134 |   438 |       |       |       |       |       ||   572
         Broad axe         |       |       |       |   225 |  1089 |  1610 |  1717 |  2129 |  1497 ||  8267
         Unarmed           |       |       |       |     9 |       |       |       |       |       ||     9
         Trident           |       |       |       |       |    19 |       |       |       |       ||    19
  Throw: Dart              |       |       |       |     2 |    19 |     9 |    20 |    16 |     7 ||    73
         Javelin           |       |       |       |       |       |       |       |       |     9 ||     9
 Invoke: Berserk           |     1 |       |     1 |     2 |     3 |     4 |       |     2 |       ||    13
         Trog's Hand       |       |       |     1 |     2 |     5 |     6 |    13 |     8 |     9 ||    44
         Brothers in Arms  |       |       |       |       |       |       |       |     1 |       ||     1
  Evoke: Wand              |       |       |       |     1 |       |     1 |     2 |     3 |       ||     7
         Lightning rod     |       |       |       |       |       |     4 |       |       |       ||     4
         Condenser vane    |       |       |       |       |       |       |     1 |       |     2 ||     3
         Phantom mirror    |       |       |       |       |       |       |       |     1 |     1 ||     2
         Phial of floods   |       |       |       |       |       |       |       |       |     1 ||     1
         Sack of spiders   |       |       |       |       |       |       |       |       |     1 ||     1
    Use: Scroll            |       |       |    14 |     9 |    12 |    11 |    10 |     6 |     2 ||    64
         Potion            |       |       |       |       |     9 |     1 |     3 |     3 |    13 ||    29
   Stab: Distracted        |       |       |       |       |     3 |     1 |     3 |     6 |     4 ||    17
         Sleeping          |       |       |       |       |       |       |     2 |     2 |     3 ||     7
         Invisible         |       |       |       |       |       |       |       |     2 |       ||     2
         Confused          |       |       |       |       |       |       |       |     1 |       ||     1
 Armour: Animal skin       |    38 |       |       |       |       |       |       |       |       ||    38
         Crystal plate arm |       |    30 |   124 |   148 |   361 |   788 |       |       |       ||  1451
         Skin              |       |       |       |     7 |       |       |       |       |       ||     7
         Plate armour      |       |       |       |       |       |    84 |   505 |   597 |   475 ||  1661
  Dodge: Dodged            |    77 |    17 |    20 |    31 |   142 |   333 |   178 |   200 |   181 ||  1179
  Block: Kite shield       |       |   116 |   471 |   734 |  1256 |  1736 |  1524 |  1797 |  1428 ||  9062
         Reflection        |       |       |       |       |       |       |   124 |    71 |    19 ||   214
